cohdb
Replays
Latest Replays
All Replays
Popular Replays
Top Player Replays
Match Explorer
How It Works
Community
CoH3 Stats
Reddit
Sign in to upload your games and track your stats! →
Sign in with Steam
Match 47155236
Unlisted
Match 47155236
Overview
Messages
Build Orders
End
Selects Canadian Shock Battlegroup
Vickers Machine Gun Team
Construct Section Command Post
Dingo Light Scout Car
Selects Offensive Resupply
Selects Canadian Shock Section
Selects Canadian Shock Section
Canadian Shock Section
Construct Platoon Command Post
ML 3-inch Mortar Team
6-pounder Anti-tank Gun Team
Unlock Bishop Self-propelled Artillery
Canadian Shock Section
Selects Incendiary Munitions
Bishop Self-propelled Artillery
Selects Pyrotechnics
Canadian Shock Section
Construct Company Command Post
CMP 15cwt Truck
Unlock M3 Grant Medium Tanks
Selects Smoke Operation
Foot Guards Section
Smoke Operation
russli三十
viroj1191
957273850
WQMT
STEVEBUSMILK
Zuei憶
Moon-Man--14
Tigerlimo_78
0
0
Comments
sign in to comment!
No comments posted yet!